[Event "2026 Biel Blitz Open"]
[Site "Biel, CH"]
[Date "2026.07.19"]
[Round "2"]
[White "Waelti, Thomas"]
[Black "Gautier, Anand"]
[Result "0-1"]
[Board "24"]
[TimeControl "180+2"]
[WhiteFideId "1303996"]
[BlackFideId "26010186"]
[WhiteElo "1940"]
[BlackElo "2198"]
[BlackTitle "FM"]
[WhiteClock "0:00:32"]
[BlackClock "0:01:30"]
[Variant "Standard"]
[EndDate "2026.07.19"]
[EndTime "12:06:05"]

1. e4 c5 2. c3 d6 3. d4 Nf6 4. Nd2 e5 5. Bb5+ Bd7 6. Bxd7+ Qxd7 7. dxe5 dxe5 8. Ngf3 Nc6 9. O-O Be7 10. Re1 O-O 11. Nc4 Qe6 12. Qb3 Rab8 13. a4 h6 14. Ncd2 Qd7 15. Nc4 Qc7 16. Bd2 b6 17. Rad1 a6 18. Na3 Na5 19. Qc2 c4 20. b4 cxb3 21. Qxb3 Nxb3 0-1

[Event "2026 Biel Blitz Open"]
[Site "Biel, CH"]
[Date "2026.07.19"]
[Round "2"]
[White "Coban, Ege"]
[Black "Liu, Bei"]
[Result "1-0"]
[Board "25"]
[TimeControl "180+2"]
[WhiteFideId "26320304"]
[BlackFideId "8603596"]
[WhiteElo "1936"]
[BlackElo "2170"]
[WhiteClock "0:01:34"]
[BlackClock "0:00:06"]
[Variant "Standard"]
[EndDate "2026.07.19"]
[EndTime "12:06:53"]

1. e4 c5 2. Nf3 d6 3. d4 cxd4 4. Nxd4 Nf6 5. Nc3 a6 6. Be3 e5 7. Nb3 Be6 8. Qd2 Nbd7 9. f4 b5 10. O-O-O Be7 11. f5 Bc4 12. g4 h6 13. h4 Nxg4 14. Kb1 Bxf1 15. Rdxf1 Ndf6 16. Rhg1 h5 17. Bg5 Rc8 18. Bxf6 Bxf6 19. Rd1 Be7 20. Nd5 O-O 21. Qe2 Rc4 22. Nd2 Rd4 23. c3 Rxd5 24. exd5 Bxh4 25. Ne4 Qe7 26. Rxg4 hxg4 27. Qxg4 Rc8 28. Rh1 Bf6 29. Qh5 g6 30. fxg6 fxg6 31. Nxf6+ Qxf6 32. Qh7+ Kf8 33. Qh8+ Ke7 34. Rh7+ 1-0

[Event "2026 Biel Blitz Open"]
[Site "Biel, CH"]
[Date "2026.07.19"]
[Round "2"]
[White "Fernandes Barbosa Dos Santos, Gabriel"]
[Black "Wilhelm, Serge"]
[Result "1-0"]
[Board "26"]
[TimeControl "180+2"]
[WhiteFideId "1354388"]
[BlackFideId "1305808"]
[WhiteElo "2167"]
[BlackElo "1923"]
[WhiteTitle "CM"]
[WhiteClock "0:00:12"]
[BlackClock "0:00:27"]
[Variant "Standard"]
[EndDate "2026.07.19"]
[EndTime "12:08:16"]

1. e4 c6 2. d4 d5 3. Nc3 dxe4 4. Nxe4 Nf6 5. Nxf6+ exf6 6. c3 Bd6 7. Bd3 O-O 8. Ne2 Re8 9. Qc2 h5 10. Be3 Nd7 11. O-O-O b5 12. Kb1 Nb6 13. h3 Nd5 14. Bc1 a5 15. g4 h4 16. Rhg1 Qc7 17. g5 f5 18. g6 f6 19. Ka1 b4 20. c4 Nf4 21. c5 Nxd3 22. cxd6 Qxd6 23. Qxd3 Ba6 24. Qb3+ Qd5 25. Qxd5+ cxd5 26. Nf4 Rad8 27. Rge1 Bc4 28. b3 Bb5 29. Kb2 Bc6 30. Bd2 Re4 31. Be3 Rde8 32. Nd3 Bd7 33. Nc5 Bc8 34. Bd2 f4 35. Nxe4 dxe4 36. Bxf4 Bxh3 37. d5 Bg2 38. d6 Bf3 39. d7 Rd8 40. Bc7 1-0

[Event "2026 Biel Blitz Open"]
[Site "Biel, CH"]
[Date "2026.07.19"]
[Round "2"]
[White "Harish, Neeraj"]
[Black "Maruntis, Patrik-Robert"]
[Result "0-1"]
[Board "27"]
[TimeControl "180+2"]
[WhiteFideId "30958130"]
[BlackFideId "1259997"]
[WhiteElo "1920"]
[BlackElo "2167"]
[WhiteTitle "CM"]
[WhiteClock "0:00:10"]
[BlackClock "0:00:05"]
[Variant "Standard"]
[EndDate "2026.07.19"]
[EndTime "12:10:15"]

1. e4 d6 2. d4 Nf6 3. f3 e5 4. d5 Be7 5. Be3 O-O 6. c4 a5 7. Nc3 Na6 8. Bd3 Ne8 9. Nge2 Nc5 10. Bc2 f5 11. exf5 Bxf5 12. Bxf5 Rxf5 13. Ng3 Rf8 14. O-O Bg5 15. Qd2 Bf4 16. Nge4 Nxe4 17. Nxe4 Nf6 18. Bxf4 Nxe4 19. fxe4 exf4 20. Rxf4 Qe7 21. Raf1 Rxf4 22. Qxf4 Re8 23. h3 h6 24. Re1 Rf8 25. Qg3 Re8 26. b3 b6 27. Re3 Qf6 28. Kh2 Qb2 29. h4 Qxa2 30. Qg6 Re7 31. Rg3 Qf2 32. h5 Qf4 33. Kh3 Kh8 34. Rg4 Qf1 35. Kh2 Qf8 36. g3 Qf2+ 37. Kh3 Qf1+ 38. Kh2 Qf2+ 39. Kh3 Rf7 40. Rf4 Rxf4 41. gxf4 Qf3+ 42. Kh2 Qxf4+ 43. Kh3 Qf8 44. Qe6 Qf3+ 45. Kh4 Qf4+ 46. Kh3 Qf8 47. Qd7 Qf3+ 48. Kh2 Qxh5+ 49. Kg2 Qe2+ 50. Kg3 Qe3+ 51. Kh2 Qf2+ 52. Kh3 Qf3+ 53. Kh2 Qxe4 54. Qxc7 Qe5+ 55. Kg2 Qe2+ 56. Kh3 Qf3+ 57. Kh2 Qf4+ 58. Kg2 h5 59. Qxb6 h4 60. Qd8+ Kh7 61. Qe8 Qg3+ 62. Kf1 Qf3+ 63. Kg1 h3 0-1

[Event "2026 Biel Blitz Open"]
[Site "Biel, CH"]
[Date "2026.07.19"]
[Round "2"]
[White "Delion, Helge"]
[Black "Kelecevic, Nedeljko"]
[Result "0-1"]
[Board "29"]
[TimeControl "180+2"]
[WhiteFideId "12914568"]
[BlackFideId "14400537"]
[WhiteElo "1911"]
[BlackElo "2150"]
[BlackTitle "IM"]
[WhiteClock "0:00:05"]
[BlackClock "0:00:31"]
[Variant "Standard"]
[EndDate "2026.07.19"]
[EndTime "12:12:38"]

1. e4 e6 2. d4 d5 3. Nc3 Nc6 4. Nf3 Nf6 5. Bg5 dxe4 6. Nxe4 Be7 7. Nxf6+ Bxf6 8. Bxf6 Qxf6 9. c3 a6 10. Bd3 O-O 11. O-O b6 12. Re1 Bb7 13. Qe2 Rfd8 14. Rad1 b5 15. Be4 Rab8 16. Ne5 Nxe5 17. Bxb7 Ng6 18. Bf3 Qg5 19. Qe3 Qxe3 20. Rxe3 Ne7 21. g3 Kf8 22. Rde1 Nf5 23. Re5 Rd6 24. Bg4 Ne7 25. f4 g6 26. Bf3 b4 27. Rc5 c6 28. g4 h6 29. Be4 bxc3 30. bxc3 Rb2 31. Bb1 Nd5 32. f5 gxf5 33. gxf5 exf5 34. Bxf5 Rf6 35. Be4 Rxa2 36. Bxd5 cxd5 37. Rxd5 Rff2 38. Rh5 Kg7 39. Kh1 Kg6 40. Rh3 Rac2 41. Rg1+ Kh7 42. d5 Rfd2 43. Rh5 a5 44. Ra1 Rxc3 45. Rf5 Kg6 46. Raf1 Rc7 47. h4 h5 48. Rf6+ Kg7 49. Ra6 Rxd5 50. Ra1 Rc4 51. R6xa5 Rxa5 52. Rxa5 Rxh4+ 53. Kg2 Kg6 54. Kg3 Rg4+ 55. Kh3 Rb4 56. Rc5 f6 57. Ra5 f5 58. Kg3 Kg5 59. Ra8 Rb3+ 60. Kg2 Kf4 61. Ra4+ Kg5 62. Ra5 Kg4 63. Ra8 Rb2+ 64. Kg1 f4 65. Rg8+ Kf3 66. Rh8 Rb1+ 67. Kh2 Rb5 68. Rh7 Kf2 69. Kh3 f3 70. Kh2 Rg5 71. Re7 Rg2 72. Kh1 Rg1+ 73. Kh2 Re1 74. Rh7 Re5 75. Rh6 Kf1 76. Kh1 f2 77. Rg6 Ke1 0-1

[Event "2026 Biel Blitz Open"]
[Site "Biel, CH"]
[Date "2026.07.19"]
[Round "2"]
[White "Lupei, Denis"]
[Black "Matsumura, Cocoro"]
[Result "0-1"]
[Board "30"]
[TimeControl "180+2"]
[WhiteFideId "34611231"]
[BlackFideId "36087114"]
[WhiteElo "1890"]
[BlackElo "2131"]
[BlackTitle "CM"]
[WhiteClock "0:00:26"]
[BlackClock "0:00:23"]
[Variant "Standard"]
[EndDate "2026.07.19"]
[EndTime "12:14:24"]

1. d4 d5 2. Bf4 c5 3. c3 Nc6 4. e3 Qb6 5. Qc2 Bf5 6. Qb3 c4 7. Qxb6 axb6 8. Na3 e5 9. Nb5 Ra5 10. Nc7+ Kd8 11. Nxd5 Rxd5 12. Bxc4 Rd7 13. dxe5 h6 14. h4 g6 15. Nf3 Bg7 16. Bb5 Nge7 17. Ke2 Kc8 18. Nd4 Rhd8 19. e4 Bxe4 20. e6 Nxd4+ 21. cxd4 Rxd4 22. Rac1+ Bc6 23. Bxc6 bxc6 24. exf7 Rxf4 25. Ke3 Rxf7 26. f3 Kc7 27. Rhe1 Nd5+ 28. Kf2 Re7 29. Red1 Rde8 30. Rc2 Kb7 31. g3 Ne3 32. Rcd2 Nxd1+ 33. Rxd1 Re2+ 34. Kf1 Rxb2 35. Rd7+ Ka6 36. Rxg7 Rd8 37. Re7 Rd1+ 38. Re1 Rxe1+ 39. Kxe1 Rxa2 40. g4 b5 41. f4 Kb6 42. f5 gxf5 43. gxf5 Kc5 44. f6 Kd4 45. f7 Ra8 0-1

[Event "2026 Biel Blitz Open"]
[Site "Biel, CH"]
[Date "2026.07.19"]
[Round "2"]
[White "Hakimifard, Ghazal"]
[Black "Baury, Noe"]
[Result "1-0"]
[Board "31"]
[TimeControl "180+2"]
[WhiteFideId "12506540"]
[BlackFideId "651086867"]
[WhiteElo "2130"]
[BlackElo "1886"]
[WhiteTitle "WGM"]
[WhiteClock "0:00:16"]
[BlackClock "0:00:40"]
[Variant "Standard"]
[EndDate "2026.07.19"]
[EndTime "12:08:25"]

1. e4 e5 2. Nf3 Nc6 3. Bb5 g6 4. c3 Bg7 5. O-O Nge7 6. Re1 a6 7. Ba4 b5 8. Bb3 O-O 9. d4 exd4 10. cxd4 d6 11. h3 Na5 12. Bc2 c5 13. Nc3 cxd4 14. Nxd4 Bb7 15. Bg5 Nc4 16. Nd5 f6 17. Ne6 Qd7 18. Nxf8 Rxf8 19. Bc1 Nxd5 20. exd5 f5 21. Rb1 Qf7 22. b3 Ne5 23. Ba3 Rd8 24. f4 Nd7 25. Bxd6 Nb6 26. Re7 Qf6 27. Rxb7 Qxd6 28. Qf3 Nxd5 29. Rd1 Qc5+ 30. Qf2 1-0

[Event "2026 Biel Blitz Open"]
[Site "Biel, CH"]
[Date "2026.07.19"]
[Round "2"]
[White "Leuthold, Cyrill"]
[Black "Erne, Raphael"]
[Result "0-1"]
[Board "32"]
[TimeControl "180+2"]
[WhiteFideId "1333011"]
[BlackFideId "1341928"]
[WhiteElo "1887"]
[BlackElo "2128"]
[WhiteClock "0:00:06"]
[BlackClock "0:01:02"]
[Variant "Standard"]
[EndDate "2026.07.19"]
[EndTime "12:07:21"]

1. d4 d5 2. Nf3 Nf6 3. c3 c5 4. dxc5 e6 5. b4 a5 6. e3 axb4 7. cxb4 b6 8. Bb5+ Bd7 9. Bxd7+ Nbxd7 10. a4 bxc5 11. b5 Bd6 12. O-O O-O 13. Bb2 c4 14. Nbd2 Nc5 15. Bc3 Qc7 16. h3 Rfb8 17. Nd4 Nfe4 18. Nxe4 Nxe4 19. Qc2 Bh2+ 20. Kh1 Be5 21. Ne2 Nxc3 22. Nxc3 Qa5 23. Rfc1 Qxc3 24. Qxc3 Bxc3 25. Rxc3 Rxb5 26. axb5 Rxa1+ 27. Kh2 Rb1 28. Ra3 Kf8 29. Ra8+ Ke7 30. Ra7+ Kf6 31. Ra5 c3 0-1

[Event "2026 Biel Blitz Open"]
[Site "Biel, CH"]
[Date "2026.07.19"]
[Round "2"]
[White "Ashwath Kaushik"]
[Black "Huang,Hsuan-Chen"]
[Result "1-0"]
[Board "33"]
[TimeControl "180+2"]
[WhiteFideId "33387230"]
[BlackFideId "16303121"]
[WhiteElo "2122"]
[BlackElo "1833"]
[WhiteTitle "FM"]
[WhiteClock "0:02:10"]
[BlackClock "0:01:35"]
[Variant "Standard"]
[EndDate "2026.07.19"]
[EndTime "12:04:25"]

1. d4 d5 2. Nf3 Nf6 3. c4 e6 4. e3 c6 5. b3 Bd6 6. Bd3 Nbd7 7. Bb2 Qe7 8. Ne5 O-O 9. O-O Ne4 10. f3 Nef6 11. f4 Ne4 12. Qf3 f5 13. Qh3 Ndf6 14. Nc3 Bd7 15. Nxe4 fxe4 16. Be2 c5 17. g4 cxd4 18. Bxd4 Be8 19. g5 Nd7 20. Bg4 Bxe5 21. fxe5 Bf7 22. cxd5 Nb6 23. dxe6 Bg6 24. Kh1 Qxg5 25. Rg1 Qe7 26. Rac1 Nd5 27. Bc5 Qg5 28. e7 Nxe7 29. Be6+ 1-0

[Event "2026 Biel Blitz Open"]
[Site "Biel, CH"]
[Date "2026.07.19"]
[Round "2"]
[White "Tcheau, Alain"]
[Black "Habibi, Ali"]
[Result "0-1"]
[Board "34"]
[TimeControl "180+2"]
[WhiteFideId "1306014"]
[BlackFideId "4604393"]
[WhiteElo "1777"]
[BlackElo "2116"]
[BlackTitle "IM"]
[WhiteClock "0:00:18"]
[BlackClock "0:01:16"]
[Variant "Standard"]
[EndDate "2026.07.19"]
[EndTime "12:14:02"]

1. h3 c5 2. c3 b6 3. d4 Bb7 4. Nf3 e6 5. Bf4 Nf6 6. e3 d6 7. Bg3 Nbd7 8. Be2 a6 9. O-O Qc7 10. a4 Be7 11. Nbd2 O-O 12. Re1 Rad8 13. Qc2 Rc8 14. Rac1 Rfd8 15. b3 Qb8 16. Qb1 Qa8 17. Bf1 Ne4 18. Nxe4 Bxe4 19. Qb2 h6 20. Nd2 Bb7 21. f3 Qb8 22. e4 Qc7 23. Kh1 Bg5 24. f4 Be7 25. e5 d5 26. Nf3 Nf8 27. Bd3 g6 28. Qb1 Qd7 29. Nh4 Qe8 30. Nf3 b5 31. axb5 axb5 32. Qb2 Rb8 33. Qe2 c4 34. bxc4 bxc4 35. Bc2 Bc6 36. Rf1 Ba4 37. Bxa4 Qxa4 38. Ra1 Qb3 39. Rfc1 Qb2 40. Nd2 Ra8 41. Rxa8 Rxa8 42. Qd1 Ra2 43. Be1 Ba3 44. Rb1 Qc2 45. Qxc2 Rxc2 46. Nf3 Bb2 47. Kg1 Bxc3 48. Bf2 Rb2 49. Ra1 Rxf2 0-1

[Event "2026 Biel Blitz Open"]
[Site "Biel, CH"]
[Date "2026.07.19"]
[Round "2"]
[White "Aryan Goyal"]
[Black "Ragavan, Samarth Rajesh"]
[Result "1-0"]
[Board "35"]
[TimeControl "180+2"]
[WhiteFideId "366108825"]
[BlackFideId "39918106"]
[WhiteElo "1748"]
[BlackElo "2101"]
[WhiteClock "0:00:07"]
[BlackClock "0:01:08"]
[Variant "Standard"]
[EndDate "2026.07.19"]
[EndTime "12:08:59"]

1. e4 d5 2. exd5 Qxd5 3. Nc3 Qa5 4. d4 Nf6 5. Nf3 Bf5 6. Bc4 e6 7. O-O Nbd7 8. Re1 O-O-O 9. Ne2 c6 10. c3 Bd6 11. Bf4 Qc7 12. Bxd6 Qxd6 13. Ng3 Bg6 14. Qe2 Rhe8 15. Ne5 Qc7 16. Nxg6 hxg6 17. Ne4 Nd5 18. Qf3 N7f6 19. Qg3 Nxe4 20. Qxc7+ Kxc7 21. Rxe4 Nb6 22. Bb3 Nd7 23. Rd1 c5 24. Ba4 a6 25. Kf1 b5 26. Bc2 Nf6 27. Rh4 g5 28. Rh3 cxd4 29. cxd4 Rd6 30. Rc3+ Kb6 31. Bb1 Red8 32. Rcd3 Nd5 33. a3 Nf4 34. R3d2 e5 35. g3 Ne6 36. d5 Nc7 37. Be4 g6 38. g4 f5 39. gxf5 gxf5 40. Bxf5 Nxd5 41. Ke1 Kc7 42. Be4 Nf4 43. Rxd6 Rxd6 44. Rxd6 Kxd6 45. b4 Kc7 46. Kd2 Kb6 47. Ke3 a5 48. Kf3 axb4 49. axb4 Ne6 50. Kg4 Kc7 51. Kf5 Kd6 52. Kg4 Ke7 53. Bd3 Nd4 54. Kxg5 Nf3+ 55. Kf5 Nxh2 56. Bxb5 Kd6 57. Be2 Kd5 58. b5 e4 59. Kf4 e3 60. fxe3 1-0

[Event "2026 Biel Blitz Open"]
[Site "Biel, CH"]
[Date "2026.07.19"]
[Round "2"]
[White "Kamildjanov, Saidbek"]
[Black "Aryan Mehta"]
[Result "0-1"]
[Board "36"]
[TimeControl "180+2"]
[WhiteFideId "151105026"]
[BlackFideId "33329664"]
[WhiteElo "1659"]
[BlackElo "2061"]
[WhiteClock "0:00:09"]
[BlackClock "0:00:44"]
[Variant "Standard"]
[EndDate "2026.07.19"]
[EndTime "12:09:30"]

1. b3 Nf6 2. Bb2 b6 3. Nf3 e6 4. e3 Bb7 5. Be2 Be7 6. O-O O-O 7. Nc3 d6 8. h3 Nbd7 9. Re1 c5 10. Bb5 a6 11. Bxd7 Qxd7 12. d3 d5 13. Ne5 Qc7 14. d4 Rac8 15. Rc1 h6 16. f3 Rfd8 17. Ne2 Nd7 18. f4 Nxe5 19. fxe5 Bg5 20. Ng3 cxd4 21. Qxd4 Qc5 22. b4 Qxd4 23. Bxd4 Rc6 24. Ne2 Be7 25. a3 b5 26. g3 Rdc8 27. c3 Ra8 28. Ra1 a5 29. Nf4 Rca6 30. bxa5 Rxa5 31. Reb1 Bc6 32. Nd3 Rxa3 33. Rxa3 Rxa3 34. Bc5 Bxc5 35. Nxc5 Rxc3 36. Na6 Rxe3 37. Kf2 Rxe5 38. Nb4 Bd7 39. Rc1 Re4 40. Nd3 Rc4 41. Ra1 f6 42. g4 Kf7 43. Ra7 Ke7 44. Ke3 Kd6 45. Nf4 b4 46. Ne2 e5 47. Kd3 Kc6 48. Ra6+ Kc7 49. Ra7+ Kd6 50. Ra6+ Bc6 51. Rb6 Kc7 52. Ra6 b3 53. Ra7+ Kb6 54. Rxg7 b2 55. Nc3 Rxc3+ 56. Kxc3 b1=Q 57. Kd2 d4 58. Re7 e4 59. Re6 e3+ 60. Ke2 Qc2+ 61. Ke1 Qd2+ 62. Kf1 Qf2# 0-1

[Event "2026 Biel Blitz Open"]
[Site "Biel, CH"]
[Date "2026.07.19"]
[Round "2"]
[White "Langner, Robin"]
[Black "Mousseau, Leo"]
[Result "1-0"]
[Board "37"]
[TimeControl "180+2"]
[WhiteFideId "34606190"]
[BlackFideId "34666931"]
[WhiteElo "2059"]
[BlackElo "1714"]
[WhiteClock "0:01:26"]
[BlackClock "0:00:21"]
[Variant "Standard"]
[EndDate "2026.07.19"]
[EndTime "12:06:44"]

1. d4 Nf6 2. c4 g6 3. Nc3 Bg7 4. e4 d6 5. Be2 O-O 6. Nf3 e5 7. Be3 Nc6 8. d5 Ne7 9. Nd2 Nd7 10. Rc1 f5 11. f3 f4 12. Bf2 a5 13. a3 g5 14. h3 Ng6 15. b4 Nf6 16. c5 axb4 17. axb4 h5 18. Nc4 Bd7 19. cxd6 cxd6 20. Nxd6 Qb8 21. Nc4 g4 22. hxg4 hxg4 23. Nb6 Ra3 24. Nxd7 Nxd7 25. fxg4 Rc8 26. Nb5 Rxc1 27. Qxc1 Ra2 28. Bc4 Nb6 29. Bxa2 1-0

[Event "2026 Biel Blitz Open"]
[Site "Biel, CH"]
[Date "2026.07.19"]
[Round "2"]
[White "Gireada, Lucas"]
[Black "Tkhoruk, Roman"]
[Result "0-1"]
[Board "38"]
[TimeControl "180+2"]
[WhiteFideId "1373544"]
[BlackFideId "34161589"]
[WhiteElo "1651"]
[BlackElo "2055"]
[WhiteClock "0:00:31"]
[BlackClock "0:00:11"]
[Variant "Standard"]
[EndDate "2026.07.19"]
[EndTime "12:08:02"]

1. d4 Nf6 2. c4 e6 3. Nf3 Bb4+ 4. Bd2 Bxd2+ 5. Qxd2 d5 6. Nc3 O-O 7. e3 b6 8. cxd5 exd5 9. Bd3 Ba6 10. O-O Bxd3 11. Qxd3 c6 12. Ne5 Qd6 13. h3 Nfd7 14. Nxd7 Nxd7 15. a3 f5 16. Ne2 Nf6 17. b4 Ne4 18. Nc3 a5 19. Nxe4 fxe4 20. Qc3 Rf6 21. Rfb1 a4 22. b5 cxb5 23. Rxb5 Raf8 24. Rb2 Qe6 25. Qb4 Rg6 26. Kh1 Rf3 27. Qxb6 Rxh3+ 28. Kg1 0-1

[Event "2026 Biel Blitz Open"]
[Site "Biel, CH"]
[Date "2026.07.19"]
[Round "2"]
[White "Stefan, Iulia-Cristiana"]
[Black "Mauger-Le-Cunff, Noah"]
[Result "1-0"]
[Board "39"]
[TimeControl "180+2"]
[WhiteFideId "1273876"]
[BlackFideId "36079308"]
[WhiteElo "2050"]
[BlackElo "1604"]
[WhiteTitle "WFM"]
[WhiteClock "0:00:15"]
[BlackClock "0:00:06"]
[Variant "Standard"]
[EndDate "2026.07.19"]
[EndTime "12:09:08"]

1. d4 c6 2. Nf3 d5 3. c4 Nf6 4. Qb3 Qc7 5. Nc3 e6 6. Bg5 Bd6 7. e3 h6 8. Bh4 Nbd7 9. Rc1 Qb6 10. Qc2 Be7 11. Bd3 Qc7 12. cxd5 Nxd5 13. Bxe7 Nxe7 14. O-O Nf6 15. Nb5 Qd7 16. Ne5 Qd8 17. Na3 O-O 18. Rfd1 Ned5 19. Qd2 Nd7 20. Nac4 f6 21. Ng6 Rf7 22. Nd6 N7b6 23. Nxf7 Kxf7 24. e4 Ne7 25. Nxe7 Qxe7 26. Qe2 e5 27. d5 cxd5 28. exd5 Qd6 29. Qh5+ Kf8 30. Be4 Bd7 31. a3 Be8 32. Qf5 Bf7 33. Qh7 Rd8 34. Qh8+ Bg8 35. Bh7 Kf7 36. Bxg8+ Rxg8 37. Qh7 Rd8 38. Qe4 Nd7 39. Qc4 Nb6 40. Qc7+ Qxc7 41. Rxc7+ Rd7 42. Rxd7+ Nxd7 43. Rc1 Nb6 44. Rc7+ Kg6 45. d6 1-0

[Event "2026 Biel Blitz Open"]
[Site "Biel, CH"]
[Date "2026.07.19"]
[Round "2"]
[White "Mintz, Nathan"]
[Black "Xu, Chang(CQ)"]
[Result "0-1"]
[Board "40"]
[TimeControl "180+2"]
[WhiteFideId "30995540"]
[BlackFideId "8641757"]
[WhiteElo "1608"]
[BlackElo "2049"]
[WhiteClock "0:00:13"]
[BlackClock "0:00:34"]
[Variant "Standard"]
[EndDate "2026.07.19"]
[EndTime "12:09:17"]

1. e4 c5 2. c3 Nf6 3. Bd3 Nc6 4. Bc2 g6 5. d4 cxd4 6. cxd4 Bg7 7. Nf3 O-O 8. Nc3 d6 9. O-O Bg4 10. Be3 a6 11. h3 Bd7 12. Qd2 Rc8 13. Rac1 Na5 14. Bd3 Nc4 15. Bxc4 Rxc4 16. b3 Rc8 17. Rfd1 Bc6 18. d5 Bd7 19. Na4 Rxc1 20. Rxc1 Nxe4 21. Qd3 Bxa4 22. bxa4 Nf6 23. Qb3 Qd7 24. a5 Ne4 25. Nd2 Nxd2 26. Bxd2 Rc8 27. Rxc8+ Qxc8 28. Be3 Be5 29. g3 h5 30. Bb6 Qc1+ 31. Kg2 Qd2 32. a4 Kg7 33. Bd8 Bf6 34. Bb6 Qe2 35. Qe3 Qxe3 36. Bxe3 Bc3 37. Bb6 Kf6 38. f4 Kf5 39. Kf3 e6 40. dxe6 fxe6 41. g4+ hxg4+ 42. hxg4+ Kf6 43. Ke4 d5+ 44. Kd3 Be1 45. Bd4+ Ke7 46. Bc5+ Kd7 47. Bb6 Kd6 48. Kd4 Bf2+ 49. Kd3 Bxb6 50. axb6 e5 51. f5 gxf5 52. gxf5 e4+ 53. Kd4 Ke7 54. a5 Kf6 0-1

[Event "2026 Biel Blitz Open"]
[Site "Biel, CH"]
[Date "2026.07.19"]
[Round "2"]
[White "Alexakis, Dimitrios"]
[Black "Stevens, Christian"]
[Result "1-0"]
[Board "42"]
[TimeControl "180+2"]
[WhiteFideId "4200527"]
[BlackFideId "649090"]
[WhiteElo "1895"]
[BlackElo "1912"]
[WhiteClock "0:00:17"]
[BlackClock "0:00:08"]
[Variant "Standard"]
[EndDate "2026.07.19"]
[EndTime "12:10:15"]

1. e4 c5 2. Nf3 d6 3. d4 cxd4 4. Nxd4 Nf6 5. Nc3 a6 6. Bg5 e6 7. f4 Be7 8. Qf3 Nbd7 9. O-O-O Qc7 10. g4 b5 11. Bxf6 Nxf6 12. g5 Nd7 13. a3 Bb7 14. h4 Rc8 15. Bh3 Nc5 16. Rh2 O-O 17. f5 d5 18. Rf2 dxe4 19. Qe3 exf5 20. Nxf5 Rce8 21. Nd5 Bxd5 22. Rxd5 Ne6 23. Qxe4 Bxg5+ 24. hxg5 Nxg5 25. Qd4 Ne6 26. Qd2 Qc4 27. Rf1 Qa2 28. c3 Rc8 29. Ne7+ Kh8 30. Nxc8 Rxc8 31. Bxe6 fxe6 32. Rd8+ 1-0

[Event "2026 Biel Blitz Open"]
[Site "Biel, CH"]
[Date "2026.07.19"]
[Round "2"]
[White "Gireada, Daniel"]
[Black "Paholok, Igor"]
[Result "1-0"]
[Board "46"]
[TimeControl "180+2"]
[WhiteFideId "1206451"]
[BlackFideId "1338951"]
[WhiteElo "2148"]
[BlackElo "1728"]
[WhiteClock "0:01:16"]
[BlackClock "0:00:16"]
[Variant "Standard"]
[EndDate "2026.07.19"]
[EndTime "12:14:36"]

1. d4 g6 2. c4 Bg7 3. Nf3 d6 4. Nc3 c5 5. g3 f5 6. Bg2 Nc6 7. d5 Bxc3+ 8. bxc3 Na5 9. Nd2 Nf6 10. O-O b6 11. e4 fxe4 12. Nxe4 Bf5 13. Nxf6+ exf6 14. Re1+ Kd7 15. Qa4+ Kc7 16. Bf4 Bd7 17. Qc2 Re8 18. Qd3 Bf5 19. Be4 Bxe4 20. Rxe4 Rxe4 21. Qxe4 Qe8 22. Re1 Qxe4 23. Rxe4 Kd7 24. Re6 Nxc4 25. Rxf6 Ne5 26. Bxe5 dxe5 27. Re6 Re8 28. Rxe8 Kxe8 29. c4 Kd7 30. Kg2 a6 31. a4 Ke7 32. Kf3 Kf6 33. Ke4 g5 34. g4 h6 35. f3 1-0

[Event "2026 Biel Blitz Open"]
[Site "Biel, CH"]
[Date "2026.07.19"]
[Round "2"]
[White "Altenburger, Rene"]
[Black "Boner, Timm"]
[Result "1-0"]
[Board "51"]
[TimeControl "180+2"]
[WhiteFideId "1305581"]
[BlackFideId "1330039"]
[WhiteElo "1990"]
[BlackElo "1705"]
[WhiteClock "0:00:41"]
[BlackClock "0:01:03"]
[Variant "Standard"]
[EndDate "2026.07.19"]
[EndTime "12:06:37"]

1. d4 d5 2. Nf3 Nc6 3. Bf4 Nf6 4. e3 Bf5 5. Bb5 e6 6. Ne5 Nd7 7. Bxc6 bxc6 8. Nxc6 Qh4 9. Nd2 g5 10. Nf3 Qg4 11. Bg3 Be4 12. O-O Bxf3 13. gxf3 Qh5 14. f4 g4 15. f3 Rg8 16. fxg4 Rxg4 17. Qf3 Bd6 18. Ne5 Nxe5 19. fxe5 Be7 20. Kh1 O-O-O 21. c4 Rdg8 22. cxd5 Rxg3 23. Qxh5 1-0

[Event "2026 Biel Blitz Open"]
[Site "Biel, CH"]
[Date "2026.07.19"]
[Round "2"]
[White "Heitmann, Erik"]
[Black "Tahari, Youcef Nazim"]
[Result "0-1"]
[Board "52"]
[TimeControl "180+2"]
[WhiteFideId "34608940"]
[BlackFideId "282537"]
[WhiteElo "1885"]
[BlackElo "1691"]
[WhiteClock "0:00:06"]
[BlackClock "0:00:19"]
[Variant "Standard"]
[EndDate "2026.07.19"]
[EndTime "12:15:54"]

1. d4 Nf6 2. c4 g6 3. Nc3 d5 4. cxd5 Nxd5 5. e4 Nxc3 6. bxc3 Bg7 7. Bc4 c5 8. Ne2 O-O 9. Be3 b6 10. Qd2 Nd7 11. Bh6 Bb7 12. f3 Qc7 13. Bxg7 Kxg7 14. Bb3 Rad8 15. O-O Ba6 16. Rfd1 Bxe2 17. Qxe2 cxd4 18. cxd4 Nf6 19. Rac1 Qb7 20. Qb2 Rc8 21. d5 Kg8 22. Ba4 Rxc1 23. Rxc1 Rc8 24. Bc6 Qc7 25. Rc2 Qf4 26. Qc1 Qe5 27. a4 Qd4+ 28. Kh1 Rc7 29. Rc4 Qe5 30. Qc3 Qxc3 31. Rxc3 Nd7 32. f4 Nc5 33. Rc4 Kg7 34. Kg1 Kh6 35. Kf2 Nd3+ 36. Ke3 Nc5 37. Kd4 Kg7 38. a5 Nb3+ 39. Kc3 Nxa5 40. Ra4 Nxc6 41. dxc6 Rxc6+ 42. Kd3 Rc7 43. g4 Rb7 44. Ra6 b5 45. Kc3 Kf8 46. Kb4 Ke8 47. Rc6 Kd7 48. Rc5 a6 49. e5 Rc7 50. Rd5+ Ke6 51. Rd4 0-1

[Event "2026 Biel Blitz Open"]
[Site "Biel, CH"]
[Date "2026.07.19"]
[Round "2"]
[White "Schreiber, Edwin"]
[Black "Materia, Matteo"]
[Result "0-1"]
[Board "53"]
[TimeControl "180+2"]
[WhiteFideId "2011921"]
[BlackFideId "45150575"]
[WhiteElo "1682"]
[BlackElo "1881"]
[WhiteClock "0:00:03"]
[BlackClock "0:00:07"]
[Variant "Standard"]
[EndDate "2026.07.19"]
[EndTime "12:15:05"]

1. e4 e5 2. Nc3 Nf6 3. f4 d5 4. fxe5 Nxe4 5. Qf3 Nxc3 6. dxc3 Qh4+ 7. g3 Qe4+ 8. Qxe4 dxe4 9. Bg2 Nc6 10. Bxe4 Nxe5 11. Nf3 Bd6 12. Nxe5 Bxe5 13. O-O O-O 14. Bf4 Bxf4 15. Rxf4 c6 16. Bf5 Bxf5 17. Rxf5 Rad8 18. Raf1 f6 19. R5f4 Rfe8 20. g4 Re2 21. R4f2 Rdd2 22. Rxe2 Rxe2 23. Rf2 Re1+ 24. Kg2 Re4 25. Kf3 Ra4 26. a3 Ra5 27. Rd2 Rb5 28. b3 Kf7 29. a4 Rb6 30. Rd4 Ke6 31. Ke4 g6 32. Rd8 f5+ 33. gxf5+ gxf5+ 34. Kf4 c5 35. Rf8 Rd6 36. Rxf5 Rd2 37. Rh5 Rxc2 0-1

[Event "2026 Biel Blitz Open"]
[Site "Biel, CH"]
[Date "2026.07.19"]
[Round "2"]
[White "Hirt, Markus"]
[Black "Wilhelm, Marco"]
[Result "1-0"]
[Board "54"]
[TimeControl "180+2"]
[WhiteFideId "1302582"]
[BlackFideId "1347039"]
[WhiteElo "1880"]
[BlackElo "1684"]
[WhiteClock "0:00:38"]
[BlackClock "0:00:38"]
[Variant "Standard"]
[EndDate "2026.07.19"]
[EndTime "12:09:44"]

1. e4 e6 2. d4 d5 3. Nc3 Nf6 4. Bg5 Be7 5. e5 Nfd7 6. h4 h6 7. Be3 c5 8. Qg4 O-O 9. Bxh6 Bf6 10. exf6 Qxf6 11. Bg5 Qxd4 12. Qxd4 cxd4 13. Nb5 Nc6 14. O-O-O a6 15. Nxd4 Nce5 16. Ngf3 Ng4 17. Rd2 Nb6 18. Nb3 Bd7 19. Be7 Rfc8 20. Bd3 Rc6 21. Nfd4 Rcc8 22. f3 Ne5 23. Bd6 Nec4 24. Bxc4 Nxc4 25. Re2 Nxd6 26. h5 Bb5 27. Ree1 Rc4 28. h6 gxh6 29. Rxh6 Kf8 30. Rh8+ Ke7 31. Rxa8 a5 32. Rb8 a4 33. Na1 Rxd4 34. Rd1 Rxd1+ 35. Kxd1 Bc6 36. c3 Kd7 37. Nc2 f5 38. Rh8 Ke7 39. Rh7+ Kf6 40. Nd4 Be8 41. Rc7 e5 42. Ne2 Ke6 43. Kd2 f4 44. b3 axb3 45. axb3 Nb5 46. Rxb7 Kd6 47. Rb8 Kd7 48. Rxb5 Ke6 49. Rb8 Bc6 50. Rb6 Kd6 51. Rxc6+ Kxc6 52. Kd3 Kd6 53. c4 d4 54. b4 Kc6 55. Nc1 Kd6 56. Nb3 Kc6 57. Nd2 Kd6 58. Ne4+ Kc6 59. Nf6 Kd6 60. Ke4 Kc6 61. Ng4 Kd6 62. Nf2 Ke6 63. Nd3 Kd6 64. Nxe5 Ke6 65. Nd3 1-0